 Dungeon Sprint DCSS version 0.29-a0-364-g921d912d32 (webtiles) character file.

Game seed: 14591857666868979077

77197 mhtbhm the Executioner (level 15, 0/186 HPs)
             Began as a Gargoyle Berserker on Apr 30, 2022.
             Was a High Priest of Trog.
             Slain by Ignacio
             ... wielding a +5 executioner's axe of pain
              (1 damage)
             ... in the Dungeon (Sprint VII: "The Pits").
             The game lasted 00:15:24 (5461 turns).

mhtbhm the Executioner (Gargoyle Berserker)         Turns: 5461, Time: 00:15:25

Health: 0/186      AC: 42    Str: 29    XL:     15   Next: 56%
Magic:  15/15      EV: 14    Int:  7    God:    Trog [*****.]
Gold:   19         SH:  0    Dex:  9    Spells: 14/14 levels left

rFire   + . .      SeeInvis .   E - +7 executioner's axe (vorpal)
rCold   + . .      Faith    .   (shield currently unavailable)
rNeg    + . .      Spirit   .   b - +2 plate armour {rC+}
rPois   ∞          Reflect  .   G - +1 helmet
rElec   +          Harm     .   H - +1 cloak
rCorr   .          Rampage  .   o - +0 pair of gloves
Will    +....      NoTele   +   I - +1 pair of boots
Stlth   ..........              y - amulet of regeneration
HPRegen 1.21/turn               l - +3 ring of evasion
MPRegen 0.14/turn               x - ring of protection from fire

@: berserking, flying, studying 2 skills, very quick
A: sickness immunity, AC +11, big wings, negative energy resistance 1,
electricity resistance, torment resistance 1, petrification resistance
a: Renounce Religion, Berserk, Trog's Hand, Brothers in Arms


You were in the Dungeon.
You worshipped Trog.
Trog was extremely pleased with you.
You visited 1 branch You collected 19 gold pieces.

Inventory:

Hand Weapons
 a - the +4 battleaxe of Koen {vorpal, Will+}
   (Trog gifted it to you in the Dungeon)

   It inflicts extra damage upon your enemies.
   Will:      It increases your willpower.
 h - a +3 vampiric demon whip
 B - a +7 vorpal broad axe
 D - a +3 executioner's axe of flaming
 E - a +7 vorpal executioner's axe (weapon)
Missiles
 k - 6 poisoned darts (quivered)
Armour
 b - a +2 plate armour of cold resistance (worn)
 o - a +0 pair of gloves (worn)
 F - a +1 tower shield
 G - a +1 helmet (worn)
 H - a +1 cloak (worn)
 I - a +1 pair of boots (worn)
Jewellery
 l - a +3 ring of evasion (left hand)
 x - a ring of protection from fire (right hand)
 y - an amulet of regeneration (around neck)
Scrolls
 j - a scroll of summoning
 r - 7 scrolls of enchant weapon
 s - 4 scrolls of enchant armour
 t - 5 scrolls of identify
 u - a scroll of fog
Potions
 c - 8 potions of curing
 d - 16 potions of heal wounds
 e - 2 potions of haste
 f - 4 potions of magic
 g - 3 potions of berserk rage
 i - 3 potions of invisibility
 n - a potion of mutation
Miscellaneous
 w - a condenser vane
 z - a lightning rod (4/4)
 A - a box of beasts
 C - a phantom mirror


   Skills:
 + Level 25.3 Fighting
 + Level 26.5 Axes
 + Level 19.2 Armour
 + Level 11.2 Dodging
 + Level 15.6 Stealth
 + Level 6.9 Evocations


You had 14 spell levels left.
You didn't know any spells.
Your spell library was empty.

Dungeon Overview and Level Annotations

Branches:
Dungeon (1/1)

Altars:
Cheibriados
Dithmenos
Elyvilon
Fedhas
Gozag
Hepliaklqana
Makhleb
Nemelex Xobeh
Okawaru
Qazlal
Ru
Sif Muna
Trog
Wu Jian
Xom
Yredelemnul
Zin
The Shining One
Jiyva

Annotations:
D Ignacio


Innate Abilities, Weirdness & Mutations

You are immune to sickness and miasma.
Your stone body is resilient. (AC +11)
You are immune to poison.
Your large and strong wings let you fly.
You resist negative energy. (rN+)
You are resistant to electric shocks. (rElec)
You are resistant to unholy torment.
You are immune to petrification.


Message History

Your body is wracked with pain!
* * * LOW HITPOINT WARNING * * *
You slice Ignacio!!
Ignacio is lightly wounded.
Ignacio hits you but does no damage.
You writhe in agony!
* * * LOW HITPOINT WARNING * * *
Ignacio hits you but does no damage.
You writhe in agony!
* * * LOW HITPOINT WARNING * * *
Ignacio closely misses you. Ignacio hits you but does no damage.
You writhe in agony!
* * * LOW HITPOINT WARNING * * *
Your troll rages.
You hit Ignacio.
Ignacio is lightly wounded.
Ignacio hits you with a +5 executioner's axe of pain!
* * * LOW HITPOINT WARNING * * *
You writhe in agony.
* * * LOW HITPOINT WARNING * * *
Ignacio hits you but does no damage.
You writhe in agony.
* * * LOW HITPOINT WARNING * * *
Ignacio hits you but does no damage.
Ignacio hits you with a +5 executioner's axe of pain.
* * * LOW HITPOINT WARNING * * *
You writhe in agony.
* * * LOW HITPOINT WARNING * * *
Ignacio gestures at you.
You barely resist. Your troll misses Ignacio.
Your troll claws Ignacio!
Your troll barely misses Ignacio.
Things that are here:
a +0 flail; a purple draconian corpse Ignacio attacks as you move away!
Ignacio closely misses you.
Ignacio hits your troll with a +5 executioner's axe of pain!
Your troll writhes in agony!
Ignacio hits you but does no damage.
You writhe in agony!
* * * LOW HITPOINT WARNING * * *
Ignacio hits your troll with a +5 executioner's axe of pain.
Your troll writhes in agony!
Ignacio hits you but does no damage. Ignacio barely misses your troll.
Ignacio hits you but does no damage.
You writhe in agony.
You die...

#.# #'# ### ###
#.# +.###.###'#
...#...##.#
#.##'.###)# #+#
#'#.#'# #)#
##.###1###.###'#
#...'@T.#...##.#
##'.'##.'#'.###'#
#)###.###.#'# #.#
##'.###.###.###'#
#...'..†'...##.##
##.##'.##))##...#
###.###.##''[).#
## ## ####.## #)#


You could see Ignacio (fast, ally target) and a friendly troll (summoned,
berserk).

Vanquished Creatures
  Dissolution (D)
  A royal mummy (D)
  A pandemonium lord (D)
  Saint Roka (D)
  Xtahua (D)
  A profane servitor (D)
  A pearl dragon (D)
  3 Brimstone Fiends (D)
  A titan (D)
  2 Ice Fiends (D)
  2 Hell Sentinels (D)
  2 deep elf blademasters (D)
  A death cob (D)
  A nagaraja (D)
  A rockslime (D)
  A storm dragon (D)
  A fire giant (D)
  2 orc warlords (D)
  2 ghost moths (D)
  A deep elf sorcerer (D)
  An apis (D)
  A yellow draconian (D)
  2 purple draconians (D)
  3 vault guards (D)
  A boulder beetle (D)
  A catoblepas (D)
  2 naga warriors (D)
  2 alligator snapping turtles (D)
  A two-headed ogre (D)
  2 deep troll shamans (D)
  2 deep elf knights (D)
  2 iron trolls (D)
  A sixfirhy (D)
  A spriggan druid (D)
  A deep troll (D)
  6 orc knights (D)
  A deep elf zephyrmancer (D)
  A deep elf pyromancer (D)
  A necromancer (D)
  2 manticores (D)
  A guardian serpent (D)
  A rust devil (D)
  An elephant (D)
  A black mamba (D)
  A molten gargoyle (D)
  2 rime drakes (D)
  A hellion (D)
  An unseen horror (D)
  2 yaktaurs (D)
  A kobold demonologist (D)
  3 trolls (D)
  A red devil (D)
  2 wandering mushrooms (D)
  4 hornets (D)
  Prince Ribbit (D)
  A wind drake (D)
  A tarantella (D)
  5 dream sheep (D)
  2 jumping spiders (D)
  A flying skull (D)
  A spriggan (D)
  2 ynoxinuls (D)
  A wraith (D)
  3 redbacks (D)
  A large abomination (D)
  A water moccasin (D)
  A floating eye (D)
  A swamp drake (D)
  2 small abominations (D)
  5 orc warriors (D)
  An ice beast (D)
  A sky beast (D)
  14 wolves (D)
  5 ogres (D)
  3 centaurs (D)
  A kobold brigand (D)
  2 scorpions (D)
  3 wights (D)
  An iron imp (D)
  2 orc priests (D)
  An iguana (D)
  An orc wizard (D)
  An adder (D)
  A gnoll (D)
  2 river rats (D)
  2 ufetubi (D)
  7 orcs (D)
  A bat skeleton (D)
  2 goblins (D)
  2 hobgoblins (D)
  2 jackals (D)
  A kobold (D)
  A ball python (D)
  A ball python simulacrum (D)
  A ball python skeleton (D)
  A ball python zombie (D)
  2 frilled lizards (D)
174 creatures vanquished.

Vanquished Creatures (collateral kills)
  Ereshkigal (D)
  An emperor scorpion (D)
  A death knight (D)
  A naga warrior (D)
  A boulder beetle (D)
  4 orc knights (D)
  A rime drake (D)
  A wind drake (D)
  A chaos spawn (D)
  An orc warrior (D)
  A bat skeleton (D)
14 creatures vanquished.

Vanquished Creatures (others)
  A yaktaur captain (D)
  An orc knight (D)
  A swamp drake (D)
  A wolf (D)
  A ball python skeleton (D)
  A jackal skeleton (D)
6 creatures vanquished.

Grand Total: 194 creatures vanquished

Notes
Turn   | Place    | Note
-------+----------+-------------------------------------------
     0 | D        | mhtbhm the Gargoyle Berserker began the quest for the Orb.
     0 | D        | Reached XP level 1. HP: 14/14 MP: 1/1
    17 | D        | Reached skill level 3 in Axes
    46 | D        | Found a bloodstained altar of Trog.
    46 | D        | Found a shimmering blue altar of Sif Muna.
    46 | D        | Found a viscous altar of Jiyva.
    46 | D        | Found a hazy altar of Hepliaklqana.
    46 | D        | Found an opulent altar of Gozag.
    52 | D        | Noticed a scorpion
    63 | D        | Killed a scorpion
    63 | D        | Reached ** piety under Trog
    64 | D        | Reached skill level 5 in Fighting
    64 | D        | Reached skill level 5 in Axes
    64 | D        | Reached XP level 2. HP: 20/22 MP: 2/2
    64 | D        | Reached XP level 3. HP: 24/27 MP: 3/3
    64 | D        | Reached XP level 4. HP: 29/32 MP: 4/4
   209 | D        | Reached *** piety under Trog
   210 | D        | Noticed an ogre
   221 | D        | Killed an ogre
   222 | D        | Reached skill level 7 in Axes
   222 | D        | Reached XP level 5. HP: 38/38 MP: 5/5
   354 | D        | Noticed an ogre
   354 | D        | Noticed Prince Ribbit
   361 | D        | Noticed a kobold brigand
   368 | D        | Reached **** piety under Trog
   369 | D        | Reached skill level 8 in Axes
   374 | D        | Reached XP level 6. HP: 44/44 MP: 6/6
   379 | D        | Reached skill level 9 in Axes
   384 | D        | Reached ***** piety under Trog
   385 | D        | Reached skill level 10 in Axes
   385 | D        | Reached XP level 7. HP: 51/51 MP: 7/7
   395 | D        | Killed Prince Ribbit
   396 | D        | Reached skill level 11 in Axes
   396 | D        | Reached skill level 5 in Dodging
   421 | D        | Reached skill level 10 in Fighting
   672 | D        | Reached skill level 5 in Armour
   674 | D        | Noticed a ynoxinul
   681 | D        | Killed a ynoxinul
   682 | D        | Reached skill level 12 in Axes
   682 | D        | Reached XP level 8. HP: 58/58 MP: 8/8
   684 | D        | Noticed a flying skull
   706 | D        | Killed a flying skull
   706 | D        | Received a gift from Trog
   852 | D        | Noticed a manticore
   866 | D        | Paralysed by a floating eye for 3 turns
   884 | D        | Killed a manticore
   885 | D        | Reached skill level 13 in Axes
  1043 | D        | Found a glowing golden altar of the Shining One.
  1043 | D        | Found a glowing silver altar of Zin.
  1043 | D        | Found a basalt altar of Yredelemnul.
  1043 | D        | Found a shimmering altar of Xom.
  1043 | D        | Found an ornate altar of the Wu Jian Council.
  1043 | D        | Found a sacrificial altar of Ru.
  1043 | D        | Found a stormy altar of Qazlal.
  1043 | D        | Found an iron altar of Okawaru.
  1043 | D        | Found a sparkling altar of Nemelex Xobeh.
  1043 | D        | Found a burning altar of Makhleb.
  1043 | D        | Found a blossoming altar of Fedhas.
  1043 | D        | Found a white marble altar of Elyvilon.
  1043 | D        | Found a shadowy altar of Dithmenos.
  1043 | D        | Found a snail-covered altar of Cheibriados.
  1066 | D        | Noticed a spriggan
  1066 | D        | Noticed a hornet
  1073 | D        | Killed a hornet
  1074 | D        | Reached XP level 9. HP: 64/64 MP: 9/9
  1298 | D        | Noticed a black mamba
  1309 | D        | Received a gift from Trog
  1324 | D        | Killed a black mamba
  1325 | D        | Reached skill level 14 in Axes
  1493 | D        | Noticed a manticore
  1494 | D        | Noticed a rime drake
  1494 | D        | Noticed a troll
  1494 | D        | Noticed a hornet
  1499 | D        | Killed a rime drake
  1502 | D        | Killed a manticore
  1509 | D        | Killed a hornet
  1510 | D        | Reached skill level 15 in Axes
  1510 | D        | Reached XP level 10. HP: 72/72 MP: 10/10
  1572 | D        | Noticed a deep elf zephyrmancer
  1584 | D        | Reached ****** piety under Trog
  1589 | D        | Killed a deep elf zephyrmancer
  1590 | D        | Reached skill level 10 in Armour
  1739 | D        | Noticed a boulder beetle
  1752 | D        | Received a gift from Trog
  1768 | D        | Killed a boulder beetle
  1769 | D        | Reached skill level 16 in Axes
  1934 | D        | Received a gift from Trog
  1955 | D        | Reached skill level 1 in Stealth
  1955 | D        | Noticed a boulder beetle
  1955 | D        | Noticed a death cob
  1964 | D        | Killed a death cob
  1965 | D        | Reached XP level 11. HP: 38/80 MP: 11/11
  1968 | D        | Killed a boulder beetle
  2184 | D        | Received a gift from Trog
  2188 | D        | Received a gift from Trog
  2189 | D        | Reached skill level 15 in Fighting
  2189 | D        | Reached skill level 17 in Axes
  2201 | D        | Received a gift from Trog
  2481 | D        | Acquired a manual of Axes
  2571 | D        | Received a gift from Trog
  2574 | D        | Reached skill level 18 in Axes
  2600 | D        | Noticed a deep elf pyromancer
  2603 | D        | Noticed an alligator snapping turtle
  2657 | D        | Killed a deep elf pyromancer
  2806 | D        | Killed an alligator snapping turtle
  2886 | D        | Identified the +4 battleaxe of Koen {vorpal, Will+} (Trog
                  | gifted it to you in the Dungeon)
  2886 | D        | Received a gift from Trog
  2887 | D        | Reached skill level 19 in Axes
  3020 | D        | Noticed Saint Roka
  3031 | D        | Received a gift from Trog
  3039 | D        | Killed Saint Roka
  3040 | D        | Reached skill level 21 in Axes
  3040 | D        | Reached skill level 10 in Dodging
  3040 | D        | Reached XP level 12. HP: 23/90 MP: 12/12
  3160 | D        | Noticed a deep elf sorcerer
  3160 | D        | Noticed a two-headed ogre
  3161 | D        | Noticed an alligator snapping turtle
  3164 | D        | Received a gift from Trog
  3165 | D        | Killed a two-headed ogre
  3166 | D        | Noticed a nagaraja
  3172 | D        | Killed a nagaraja
  3172 | D        | Received a gift from Trog
  3173 | D        | Reached skill level 5 in Stealth
  3173 | D        | Reached skill level 1 in Evocations
  3175 | D        | Killed a deep elf sorcerer
  3176 | D        | Killed an alligator snapping turtle
  3176 | D        | Received a gift from Trog
  3177 | D        | Reached skill level 22 in Axes
  3180 | D        | Received a gift from Trog
  3181 | D        | Noticed a catoblepas
  3188 | D        | Killed a ghost moth
  3189 | D        | Reached XP level 13. HP: 73/99 MP: 0/13
  3192 | D        | Received a gift from Trog
  3391 | D        | Noticed an orc warlord
  3391 | D        | Noticed an orc warlord
  3394 | D        | Noticed a vault guard
  3395 | D        | Received a gift from Trog
  3396 | D        | Noticed a vault guard
  3398 | D        | Noticed an emperor scorpion
  3403 | D        | Killed an orc warlord
  3403 | D        | Killed a vault guard
  3404 | D        | Reached skill level 23 in Axes
  3404 | D        | Reached skill level 5 in Evocations
  3404 | D        | Killed an orc warlord
  3405 | D        | Noticed a yaktaur captain
  3406 | D        | Received a gift from Trog
  3408 | D        | Noticed a fire giant
  3408 | D        | Noticed a vault guard
  3416 | D        | Killed an emperor scorpion
  3418 | D        | Killed a vault guard
  3421 | D        | Killed a fire giant
  3421 | D        | Received a gift from Trog
  3422 | D        | Reached skill level 10 in Stealth
  3426 | D        | Killed a vault guard
  3434 | D        | Killed a yaktaur captain
  3437 | D        | Received a gift from Trog
  3972 | D        | Noticed an Ice Fiend
  3979 | D        | Killed an Ice Fiend
  4039 | D        | Noticed a pearl dragon
  4056 | D        | Killed a pearl dragon
  4057 | D        | Gained mutation: Your large and strong wings let you fly.
                  | [Gargoyle growth]
  4057 | D        | Reached XP level 14. HP: 39/108 MP: 14/14
  4227 | D        | Killed a ghost moth
  4230 | D        | Noticed Ereshkigal
  4250 | D        | Noticed a Tzitzimitl
  4265 | D        | Killed Ereshkigal
  4266 | D        | Reached skill level 24 in Axes
  4266 | D        | Reached skill level 15 in Stealth
  4427 | D        | Noticed a Hell Sentinel
  4433 | D        | Killed a Hell Sentinel
  4444 | D        | Noticed a purple draconian
  4444 | D        | Noticed a storm dragon
  4452 | D        | Received a gift from Trog
  4456 | D        | Reached skill level 15 in Armour
  4460 | D        | Killed a storm dragon
  4463 | D        | Killed a purple draconian
  4602 | D        | Noticed a Brimstone Fiend
  4605 | D        | Killed a Brimstone Fiend
  4630 | D        | Noticed Dissolution
  4638 | D        | Killed Dissolution
  4639 | D        | Reached skill level 25 in Axes
  4679 | D        | Noticed a rockslime
  4683 | D        | Killed a rockslime
  4713 | D        | Noticed a deep elf blademaster
  4726 | D        | Killed a deep elf blademaster
  4726 | D        | Received a gift from Trog
  4774 | D        | Noticed Neetonyt the pandemonium lord
  4780 | D        | Killed Neetonyt the pandemonium lord
  4781 | D        | Reached XP level 15. HP: 119/119 MP: 15/15
  4821 | D        | Noticed a profane servitor
  4827 | D        | Killed a profane servitor
  4955 | D        | Noticed a deep elf blademaster
  4973 | D        | Killed a deep elf blademaster
  5023 | D        | Received a gift from Trog
  5053 | D        | Noticed a titan
  5057 | D        | Killed a titan
  5064 | D        | Noticed Xtahua
  5074 | D        | Killed Xtahua
  5126 | D        | Noticed a Brimstone Fiend
  5131 | D        | Killed a Brimstone Fiend
  5132 | D        | Reached skill level 26 in Axes
  5236 | D        | Noticed a Hell Sentinel
  5247 | D        | Killed a Hell Sentinel
  5316 | D        | Noticed a Brimstone Fiend
  5318 | D        | Killed a Brimstone Fiend
  5321 | D        | Noticed an Ice Fiend
  5328 | D        | Killed an Ice Fiend
  5328 | D        | Received a gift from Trog
  5372 | D        | Noticed a royal mummy
  5374 | D        | Noticed an emperor scorpion
  5381 | D        | Killed a royal mummy
  5455 | D        | Noticed Ignacio
  5459 | D        | HP: 8/186 [Ignacio/+5 executioner's axe of pain (4)]
  5461 | D        | HP: 1/186 [Ignacio/+5 executioner's axe of pain (7)]
  5461 | D        | Slain by Ignacio

Illustrated notes

Levels and vault maps discovered:
D:        pitsprint [storerooms_1, entrance_room_1, metal_vault_4, armoury_1,
          mini_pit_1, grid_room_1, main_hall_1, silver_pit, the_coven_2,
          the_vestibule_1, steel_vault_1, golden_pit, hallway_of_sentries,
          crystal_vault_5, iron_vault_2, final_vault]

Skill      XL: |  1  2  3  4  5  6  7  8  9 10 11 12 13 14 15 |
---------------+----------------------------------------------+-----
Axes           | 5 7 8 10 12 13 15 16 21 22 23 25 26 | 26.5
Fighting       | 5 7 8 9 10 11 12 14 16 18 20 23 25 | 25.3
Armour         | 3 4 5 7 9 11 12 13 17 19 | 19.2
Dodging        | 2 3 4 5 6 8 10 11 | 11.2
Stealth        | 2 4 5 14 15 | 15.6
Evocations     | 3 6 |  6.9

Action                   |  1- 3 |  4- 6 |  7- 9 | 10-12 | 13-15 || total
-------------------------+-------+-------+-------+-------+-------++-------
Melee: Hand axe          |    12 |    50 |   129 |    73 |       ||   264
       Punch             |       |       |     1 |       |       ||     1
       Battleaxe         |       |       |       |   112 |    54 ||   166
       Executioner's axe |       |       |       |       |   170 ||   170
Invok: Berserk           |       |     2 |     2 |     5 |    11 ||    20
       Brothers in Arms  |       |       |       |     3 |     7 ||    10
       Trog's Hand       |       |       |       |       |     1 ||     1
Evoke: Lightning rod     |       |       |       |    16 |     2 ||    18
       Condenser vane    |       |       |       |     2 |     1 ||     3
       Box of beasts     |       |       |       |     1 |       ||     1
  Use: Potion            |       |     1 |       |     1 |     5 ||     7
       Scroll            |       |       |       |     2 |     1 ||     3
 Stab: Confused          |       |       |       |     1 |     1 ||     2
       Distracted        |       |       |       |     1 |       ||     1
       Invisible         |       |       |       |       |    16 ||    16
Armor: Animal skin       |     4 |    10 |       |       |       ||    14
       Chain mail        |       |     5 |    26 |     6 |    15 ||    52
       Ring mail         |       |       |    42 |    77 |       ||   119
       Plate armour      |       |       |       |       |   133 ||   133
Dodge: Dodged            |    11 |    29 |    62 |   152 |   113 ||   367

Table legend: (Time is in decaauts)
 A = Elapsed time spent in this place.
 B = Non-inter-level travel time spent in this place.
 C = Inter-level travel time spent in this place.
 D = Time resting spent in this place.
 E = Time spent auto-exploring this place.
 F = Levels seen in this place.
 G = Mean time per level.
                   A        B        C        D        E       F      G
               +--------+--------+--------+--------+--------+-----+--------+
         Total |   5448 |   5448 |      0 |   3299 |     45 |   1 | 5448.0 |
       Dungeon |   5448 |   5448 |      0 |   3299 |     45 |   1 | 5448.0 |
               +--------+--------+--------+--------+--------+-----+--------+

Top non-repeatable levels by time:
       D: 5448 daAuts
